 Dungeon Sprint DCSS version 0.21-a0-94-gdd6ab6a (webtiles) character file.

59541 Kidiri the Bludgeoner (level 14, -7/157 HPs)
             Began as a Troll Fighter on July 3, 2017.
             Was a High Priest of Okawaru.
             Killed from afar by a deep elf knight (17 damage)
             ... with a stone arrow
             ... in the Dungeon (Sprint IX: "|||||||||||||||||||||||||||||").
             The game lasted 00:24:16 (5663 turns).

Kidiri the Bludgeoner (Troll Fighter)               Turns: 5663, Time: 00:24:17

Health: -7/157     AC: 20    Str: 29    XL:     14   Next: 53%
Magic:  21/23      EV: 19    Int:  3    God:    Okawaru [*****.]
Gold:   1587       SH:  0    Dex: 15    Spells: 13/13 levels left

rFire    . . .     SeeInvis .   n - +8 giant club of Chance {distort, Dex+4}
rCold    + . .     Gourm    +   (shield currently unavailable)
rNeg     + . .     Faith    .   H - +2 storm dragon scales
rPois    +         Spirit   .   (helmet restricted)
rElec    +         Reflect  .   y - +2 ratskin cloak {+Rats rPois rN+ Str-1 Int-1 Dex+1}
rCorr    .         Harm     .   (gloves unavailable)
MR       +....     NoTele   +   (boots unavailable)
Stlth    ..........             D - amulet of regeneration
HPRegen  1.16/turn              c - ring of protection from cold
MPRegen  0.18/turn              p - +2 ring of evasion

@: finesse
A: unfitting armour, claws 3, rugged brown scales 1, deformed body, fast
metabolism 3, gourmand, mutation resistance 1, regeneration 1, shaggy fur 1,
tough skin 2, wild magic 1
a: Heroism, Finesse, Renounce Religion, Evoke Ratskin


You were in the Dungeon.
You worshipped Okawaru.
Okawaru was extremely pleased with you.
You were not hungry.

You visited 1 branch You collected 1948 gold pieces.
You spent 361 gold pieces at shops.

Inventory:

Hand Weapons
 n - the +8 giant club of Chance (weapon) {distort, Dex+4}
   (Okawaru gifted it to you in the Dungeon)

   It warps and distorts space around it.
   Unwielding it can cause banishment or high damage.
   It affects your dexterity (+4).
Missiles
 o - 3 large rocks (quivered)
Armour
 b - a +2 shield of protection
 w - the +1 cloak "Arycuy" {rPois rF++}
   (Okawaru gifted it to you in the Dungeon)

   It greatly protects you from fire.
   It protects you from poison.
 y - the +2 ratskin cloak (worn) {+Rats rPois rN+ Str-1 Int-1 Dex+1}
   (You bought it in a shop in the Dungeon)

   It affects your strength (-1).
   It affects your intelligence (-1).
   It affects your dexterity (+1).
   It protects you from poison.
   It protects you from negative energy.
 E - +0 swamp dragon scales
 F - +1 fire dragon scales
 H - +2 storm dragon scales (worn)
Jewellery
 c - a ring of protection from cold (left claw)
 p - a +2 ring of evasion (right claw)
 B - an uncursed ring of protection from cold
 C - an uncursed ring of ice
 D - an amulet of regeneration (around neck)
Wands
 m - a wand of acid (7/15)
Scrolls
 j - 3 scrolls of remove curse
 k - 3 scrolls of blinking
 l - 2 scrolls of amnesia
 s - 2 scrolls of recharging
 t - 2 scrolls of enchant weapon
 u - a scroll of identify
 v - 2 scrolls of fog
Potions
 a - a potion of berserk rage
 d - a potion of invisibility
 e - 3 potions of heal wounds
 g - 6 potions of curing
 h - 2 potions of haste
 i - 4 potions of magic
 q - a potion of brilliance
 r - a potion of mutation
 x - a potion of might
 G - a potion of resistance
Comestibles
 f - 14 bread rations
 z - 23 fruits
 A - 12 meat rations


   Skills:
 + Level 13.0 Fighting
 * Level 18.8 Maces & Flails
 * Level 6.1 Throwing
 + Level 12.8 Armour
 * Level 17.6 Dodging
 - Level 5.6 Shields
 + Level 13.4 Invocations
 + Level 8.1 Evocations


You had 13 spell levels left.
You didn't know any spells.

Dungeon Overview and Level Annotations

Branches:
Dungeon (1/1)

Altars:
Cheibriados
Dithmenos
Elyvilon
Fedhas
Gozag
Hepliaklqana
Kikubaaqudgha
Makhleb
Nemelex Xobeh
Okawaru
Qazlal
Ru
Sif Muna
Trog
Uskayaw
Vehumet
Wu Jian
Xom
Yredelemnul
Zin
The Shining One
Beogh
Jiyva
Lugonu

Shops:
D ::?[


Innate Abilities, Weirdness & Mutations

You are too large for most types of armour.
You have claws for hands.
Your metabolism is lightning-fast.
You like to eat raw meat.
Your natural rate of healing is unusually fast.
You are covered in fur. (AC +1)
You have very tough skin. (AC +2)
You are partially covered in rugged brown scales. (AC +1, +3% HP)
Armour fits poorly on your strangely shaped body.
You are somewhat resistant to further mutation.
Your spells are a little harder to cast, but a little more powerful.


Message History

You crush the stone giant like a grape!!!
You kill the stone giant!
Okawaru accepts your kill.
Your Throwing skill increases to level 6!
The orc knight shoots a bolt.
The bolt hits you but does no damage.
Things that are here:
a bolt; a large rock The orc knight hits you but does no damage.
Items here: ( )) [ † a war axe; an arbalest; 20 bolts; a scale mail; a human corpse You bludgeon the orc knight!!
You kill the orc knight!
Okawaru accepts your kill.
Unknown command.
The deep elf knight gestures at you while chanting.
The stone arrow hits you!
* * * LOW HITPOINT WARNING * * *
The deep elf knight gestures at you while chanting.
The stone arrow hits you!
You die...

.........'.....)..)))...)'.......
.▓▓▓▓▓▓▓▓▓▓▓▓▓▓▓▓▓▓▓▓▓▓▓▓▓▓▓▓▓▓▓▓
.................................
▓▓▓▓▓▓▓▓▓▓▓▓▓♣♣♣♣♣♣♣♣♣♣▓▓▓▓▓▓▓▓▓▓
............'=........'.........'
.▓▓▓▓▓▓▓▓▓▓▓▓♣♣♣♣♣♣♣♣♣♣▓▓▓▓▓▓▓▓▓▓
.......................).........
▓▓▓▓▓▓▓▓▓▓▓▓▓▓▓▓▓▓▓▓▓▓▓▓▓▓▓▓▓▓▓▓▓
+.{CGce@)()(.((†(.....'(
▓▓▓▓▓▓▓▓▓▓▓▓▓▓▓▓▓▓▓▓▓▓▓▓


You could see a fire giant, a great orb of eyes, a deep elf knight and a
yaktaur.

Vanquished Creatures
  A lich (D)
  Rupert (D)
  A quicksilver dragon (D)
  Kirke (D)
  Donald (D)
  2 very ugly things (D)
  2 entropy weavers (D)
  2 stone giants (D)
  A vampire knight (D)
  5 ettins (D)
  Snorg (D)
  4 fire dragons (D)
  5 ogre magi (D)
  A merfolk impaler (D)
  Harold (D)
  2 naga warriors (D)
  4 hydras (D)
  An anaconda (D)
  A rakshasa (D)
  Erica (D)
  2 deep troll shamans (D)
  2 alligators (D)
  A tengu warrior (D)
  An orc high priest (D)
  Nergalle (D)
  A deep elf knight (D)
  A sea snake (D)
  A deep troll (D)
  A harpy (shapeshifter) (D)
  2 naga ritualists (D)
  2 orc knights (D)
  3 ugly things (D)
  3 wolf spiders (D)
  2 orc sorcerers (D)
  A manticore (D)
  A vault sentinel (D)
  3 black mambas (D)
  Psyche (D)
  3 spiny frogs (D)
  A rime drake (D)
  A demonic crawler (D)
  A komodo dragon (D)
  A freezing wraith (D)
  A kobold demonologist (D)
  A tengu conjurer (D)
  A hornet (D)
  A merfolk (D)
  A tyrant leech (D)
  8 trolls (D)
  5 polar bears (D)
  2 slime creatures (D)
  3 hippogriffs (D)
  A snapping turtle (D)
  A tarantella (D)
  A redback (D)
  A water elemental (D)
  2 hogs (D)
  A hungry ghost (D)
  3 humans (D)
  A vampire mosquito (D)
  An insubstantial wisp (D)
  5 water moccasins (D)
  A sky beast (D)
  3 porcupines (D)
  9 orc warriors (D)
  An ice beast (D)
  A phantom (D)
  3 black bears (D)
  A swamp drake (D)
  2 boggarts (D)
  A centaur (D)
  A crocodile (D)
  5 bullfrogs (D)
  A scorpion (D)
  A killer bee (D)
  2 crimson imps (D)
  A hound (D)
  6 orc wizards (D)
  3 orc priests (D)
  An iguana (D)
  A shadow imp (D)
  A dart slug (D)
  5 orcs (D)
  A goblin (D)
  A hobgoblin (D)
  A kobold (D)
  A rat (D)
168 creatures vanquished.

Vanquished Creatures (others)
  A water nymph (D)
1 creature vanquished.

Grand Total: 169 creatures vanquished

Notes
Turn   | Place    | Note
-------+----------+-------------------------------------------
     0 | D        | Kidiri the Troll Fighter began the quest for the Orb.
     0 | D        | Reached XP level 1. HP: 22/22 MP: 0/0
     6 | D        | Reached skill level 2 in Maces & Flails
   136 | D        | Noticed a crimson imp
   136 | D        | Noticed an iguana
   136 | D        | Noticed a phantom
   136 | D        | Noticed a centaur
   141 | D        | Killed a centaur
   141 | D        | Reached skill level 4 in Maces & Flails
   141 | D        | Reached XP level 2. HP: 31/31 MP: 1/1
   141 | D        | Reached XP level 3. HP: 37/37 MP: 2/2
   141 | D        | Reached XP level 4. HP: 45/45 MP: 3/3
   202 | D        | Reached skill level 5 in Maces & Flails
   202 | D        | Reached skill level 5 in Dodging
   202 | D        | Reached XP level 5. HP: 27/54 MP: 4/4
   223 | D        | Killed a phantom
   223 | D        | Reached skill level 5 in Shields
   235 | D        | Found a roughly hewn altar of Beogh.
   235 | D        | Found a snail-covered altar of Cheibriados.
   235 | D        | Found a shadowy altar of Dithmenos.
   235 | D        | Found a white marble altar of Elyvilon.
   235 | D        | Found a blossoming altar of Fedhas.
   235 | D        | Found an opulent altar of Gozag.
   236 | D        | Found a hazy altar of Hepliaklqana.
   237 | D        | Found a viscous altar of Jiyva.
   238 | D        | Found an ancient bone altar of Kikubaaqudgha.
   239 | D        | Found a corrupted altar of Lugonu.
   240 | D        | Found a burning altar of Makhleb.
   241 | D        | Found a sparkling altar of Nemelex Xobeh.
   242 | D        | Found an iron altar of Okawaru.
   243 | D        | Found a stormy altar of Qazlal.
   244 | D        | Found a sacrificial altar of Ru.
   245 | D        | Found a deep blue altar of Sif Muna.
   246 | D        | Found a bloodstained altar of Trog.
   247 | D        | Found a hide-covered altar of Uskayaw.
   248 | D        | Found a radiant altar of Vehumet.
   249 | D        | Found an ornate altar of the Wu Jian Council.
   250 | D        | Found a shimmering altar of Xom.
   252 | D        | Became a worshipper of Warmaster Okawaru
   254 | D        | Found a basalt altar of Yredelemnul.
   255 | D        | Found a glowing silver altar of Zin.
   256 | D        | Found a glowing golden altar of the Shining One.
   307 | D        | Noticed a water moccasin
   307 | D        | Noticed an ice beast
   314 | D        | Reached skill level 6 in Maces & Flails
   314 | D        | Reached XP level 6. HP: 40/62 MP: 5/5
   318 | D        | Reached skill level 1 in Invocations
   328 | D        | Killed an ice beast
   328 | D        | Reached skill level 7 in Maces & Flails
   336 | D        | Killed a water moccasin
   336 | D        | Reached * piety under Okawaru
   336 | D        | Reached skill level 5 in Fighting
   336 | D        | Reached XP level 7. HP: 42/72 MP: 6/8
   354 | D        | Noticed a tengu conjurer
   354 | D        | Noticed a seven-headed hydra
   354 | D        | Noticed a red ugly thing
   354 | D        | Noticed a hungry ghost
   354 | D        | Noticed a slime creature
   366 | D        | Killed a slime creature
   366 | D        | Reached skill level 8 in Maces & Flails
   370 | D        | Killed a hungry ghost
   376 | D        | Killed a red ugly thing
   376 | D        | Reached ** piety under Okawaru
   376 | D        | Reached skill level 9 in Maces & Flails
   376 | D        | Reached skill level 5 in Armour
   376 | D        | Reached XP level 8. HP: 40/83 MP: 7/10
   501 | D        | Killed a tengu conjurer
   501 | D        | Reached skill level 5 in Invocations
   508 | D        | Killed a seven-headed hydra
   508 | D        | Reached *** piety under Okawaru
   508 | D        | Reached skill level 10 in Maces & Flails
   508 | D        | Reached XP level 9. HP: 65/93 MP: 8/12
   664 | D        | Gained mutation: You are partially covered in rugged brown scales. (AC +1, +3% HP) [potion of mutation]
   664 | D        | Gained mutation: Armour fits poorly on your strangely shaped body. [potion of mutation]
   664 | D        | Gained mutation: Your spells are a little harder to cast, but a little more powerful. [potion of mutation]
   674 | D        | Noticed a komodo dragon
   684 | D        | Reached **** piety under Okawaru
   687 | D        | Reached skill level 10 in Dodging
   708 | D        | Killed a komodo dragon
   708 | D        | Reached skill level 11 in Maces & Flails
   852 | D        | Noticed a spiny frog
   860 | D        | Killed a spiny frog
   866 | D        | Reached XP level 10. HP: 92/107 MP: 12/14
   872 | D        | Reached ***** piety under Okawaru
   964 | D        | Reached skill level 12 in Maces & Flails
  1102 | D        | Noticed Psyche
  1113 | D        | Killed Psyche
  1174 | D        | Noticed Erica
  1190 | D        | Killed Erica
  1190 | D        | Received a gift from Okawaru
  1252 | D        | Noticed an orc knight
  1280 | D        | Killed an orc knight
  1397 | D        | Noticed an orc sorcerer
  1397 | D        | Noticed an orc sorcerer
  1397 | D        | Noticed an orc high priest
  1407 | D        | Reached skill level 13 in Maces & Flails
  1407 | D        | Reached XP level 11. HP: 115/118 MP: 8/16
  1414 | D        | Killed an orc high priest
  1417 | D        | Killed an orc sorcerer
  1452 | D        | Killed an orc sorcerer
  1477 | D        | Received a gift from Okawaru
  1478 | D        | Got a heavily runed shield {god gift}
  1576 | D        | Identified the +2 shield of the Invisible Hand {rN+} (Okawaru gifted it to you in the Dungeon)
  1600 | D        | Found Bypheges's Armour Boutique.
  1600 | D        | Noticed an ogre mage
  1600 | D        | Noticed an ogre mage
  1604 | D        | Noticed an ogre mage
  1609 | D        | Noticed a deep troll
  1613 | D        | Found Dolex's Magic Scroll Shop.
  1621 | D        | Killed an ogre mage
  1626 | D        | Killed an ogre mage
  1630 | D        | Found Piypo's Book Boutique.
  1635 | D        | Killed an ogre mage
  1635 | D        | Reached skill level 14 in Maces & Flails
  1643 | D        | Killed a deep troll
  1644 | D        | Found Guros's Book Shop.
  1649 | D        | Noticed an ogre mage
  1659 | D        | Reached skill level 10 in Fighting
  1671 | D        | Killed an ogre mage
  1737 | D        | Bought the +2 ratskin cloak {+Rats rPois rN+ Str-1 Int-1 Dex+1} for 361 gold pieces
  1831 | D        | Noticed Harold
  1845 | D        | Killed Harold
  1845 | D        | Reached skill level 10 in Invocations
  1962 | D        | Noticed a fire dragon
  1962 | D        | Noticed a brown ugly thing
  1962 | D        | Noticed a five-headed hydra
  1967 | D        | Killed a five-headed hydra
  1967 | D        | Reached skill level 10 in Armour
  1967 | D        | Reached skill level 1 in Evocations
  1967 | D        | Reached XP level 12. HP: 108/129 MP: 10/18
  1968 | D        | Noticed a five-headed hydra
  1972 | D        | Noticed a deep troll shaman
  1993 | D        | Killed a fire dragon
  1993 | D        | Reached skill level 15 in Maces & Flails
  1994 | D        | Noticed a tengu warrior
  2000 | D        | Killed a five-headed hydra
  2000 | D        | Received a gift from Okawaru
  2012 | D        | Killed a deep troll shaman
  2019 | D        | Noticed an ettin
  2034 | D        | Killed a tengu warrior
  2036 | D        | Noticed an ettin
  2046 | D        | Killed an ettin
  2048 | D        | Noticed an ogre mage
  2053 | D        | Killed an ettin
  2066 | D        | Killed an ogre mage
  2082 | D        | Gained mutation: You are somewhat resistant to further mutation. [mutagenic meat]
  2212 | D        | Noticed Snorg
  2220 | D        | Killed Snorg
  2231 | D        | Noticed Kirke
  2240 | D        | Killed Kirke
  2240 | D        | Reached skill level 16 in Maces & Flails
  2240 | D        | Reached skill level 15 in Dodging
  2291 | D        | Noticed Nergalle
  2305 | D        | Killed Nergalle
  2343 | D        | Noticed a naga warrior
  2343 | D        | Noticed a naga warrior
  2347 | D        | Noticed an anaconda
  2348 | D        | Killed a naga warrior
  2360 | D        | Reached XP level 13. HP: 137/141 MP: 13/20
  2373 | D        | Received a gift from Okawaru
  2374 | D        | Got an encrusted giant club {god gift}
  2375 | D        | Identified the +8 giant club of Chance {distort, Dex+4} (Okawaru gifted it to you in the Dungeon)
  2385 | D        | Reached ****** piety under Okawaru
  2385 | D        | Reached skill level 5 in Evocations
  2534 | D        | Noticed a merfolk impaler
  2552 | D        | Killed a merfolk impaler
  3725 | D        | Noticed an entropy weaver
  3725 | D        | Noticed an entropy weaver
  3738 | D        | Killed an entropy weaver
  3830 | D        | Reached skill level 17 in Maces & Flails
  3832 | D        | Received a gift from Okawaru
  3922 | D        | Noticed Donald
  3930 | D        | Killed Donald
  3954 | D        | Noticed Rupert
  4006 | D        | Noticed a quicksilver dragon
  4006 | D        | Noticed a cyan very ugly thing
  4006 | D        | Noticed a fire dragon
  4006 | D        | Noticed a fire dragon
  4006 | D        | Noticed a lich
  4006 | D        | Noticed a fire dragon
  4012 | D        | Killed a fire dragon
  4032 | D        | Killed a cyan very ugly thing
  4032 | D        | Received a gift from Okawaru
  4038 | D        | Noticed a fire giant
  4039 | D        | Killed a fire dragon
  4040 | D        | Noticed a stone giant
  4045 | D        | Killed a fire dragon
  4046 | D        | Noticed a vampire knight
  4054 | D        | Killed a vampire knight
  4055 | D        | Noticed an ettin
  4058 | D        | Noticed an ettin
  4060 | D        | Banished a fire giant
  4063 | D        | Noticed a white very ugly thing
  4069 | D        | Killed a stone giant
  4072 | D        | Killed an ettin
  4078 | D        | Killed an ettin
  4078 | D        | Reached skill level 18 in Maces & Flails
  4078 | D        | Reached XP level 14. HP: 22/154 MP: 16/22
  4080 | D        | Killed a white very ugly thing
  4117 | D        | Reached skill level 1 in Throwing
  4564 | D        | Paralysed by Rupert for 5 turns
  4572 | D        | Killed Rupert
  4687 | D        | Killed a quicksilver dragon
  4774 | D        | Killed a lich
  4774 | D        | Received a gift from Okawaru
  4774 | D        | Reached skill level 5 in Throwing
  4775 | D        | Got a bloodstained cloak {god gift}
  4786 | D        | Identified the +1 cloak "Arycuy" {rPois rF++} (Okawaru gifted it to you in the Dungeon)
  5604 | D        | Noticed an entropy weaver
  5613 | D        | Killed an entropy weaver
  5625 | D        | Noticed a stone giant
  5648 | D        | Noticed a fire giant
  5659 | D        | Killed a stone giant
  5663 | D        | Killed from afar by a deep elf knight

Vault maps used:
D:        linesprint

Skill      XL: |  1  2  3  4  5  6  7  8  9 10 11 12 13 14 |
---------------+-------------------------------------------+-----
Maces & Flails | 4 5 6 7 9 10 11 13 14 16 18 | 18.8
Fighting       | 3 4 5 6 7 9 10 11 12 13 | 13.0
Armour         | 2 3 4 5 6 7 8 10 11 12 | 12.8
Dodging        | 4 5 7 8 9 10 12 13 15 16 17 | 17.6
Shields        | 4 5 |  5.6
Invocations    | 2 4 5 6 8 10 11 12 13 | 13.4
Evocations     | 1 4 7 8 |  8.1
Throwing       | 6 |  6.1

Action                   |  1- 3 |  4- 6 |  7- 9 | 10-12 | 13-15 || total
-------------------------+-------+-------+-------+-------+-------++-------
Melee: Flail             |    20 |    62 |       |       |       ||    82
       Dire flail        |       |    27 |   102 |   379 |       ||   508
       Great mace        |       |       |       |    64 |    11 ||    75
       Giant club        |       |       |       |       |   201 ||   201
Invok: Heroism           |       |       |     6 |    13 |     7 ||    26
       Finesse           |       |       |       |    15 |     8 ||    23
  Use: Potion            |     1 |     3 |     3 |     1 |       ||     8
       Scroll            |       |       |     1 |       |     1 ||     2
 Stab: Distracted        |       |       |       |     1 |       ||     1
  Eat: Chunk             |     4 |       |    12 |    19 |    10 ||    45
       Fruit             |       |       |       |       |    17 ||    17
Armor: Robe              |     1 |    30 |    16 |    36 |       ||    83
       Fire dragon scale |       |       |       |    32 |       ||    32
       Storm dragon scal |       |       |       |    11 |    50 ||    61
Dodge: Dodged            |    10 |    38 |    66 |   162 |   124 ||   400
Block: Shield            |     4 |    33 |       |       |       ||    37
